 Dungeon Crawl Stone Soup version 0.32-a0-975-g85d4e5bfdb (webtiles) character file.

Game seed: 17262460547795799918

53 ezpacito the Chopper (level 3, -1/29 HPs)
             Began as a Coglin Chaos Knight on Apr 19, 2024.
             Was a Plaything of Xom.
             Slain by a gnoll
             ... wielding a +0 spear
              (3 damage)
             ... on level 2 of the Dungeon.
             The game lasted 00:02:01 (1042 turns).

ezpacito the Chopper (Coglin Chaos Knight)          Turns: 1042, Time: 00:02:02

Health: -1/29      AC:  5    Str: 14    XL:     3   Next: 87%
Magic:  3/3        EV: 10    Int: 11    God:    Xom [...*..]
Gold:   34         SH:  0    Dex: 13    Spells: 2/2 levels left

rFire   . . .        a - +0 hand axe (chaos) {Mai}
rCold   . . .        g - +4 dagger {Shatamurrim}
rNeg    . . .        b - +2 leather armour
rPois   .            (no helmet)
rElec   .            (no cloak)
rCorr   .            (no gloves)
SInv    .            (no boots)
Will    .....        (amulet unavailable)
Stlth   +            (ring unavailable)
HPRegen 0.24/turn    (ring unavailable)
MPRegen 0.08/turn    (no gizmo)

%: no passive effects
@: no status effects
A: off-hand wielding, slow wielding, warmup strikes, no jewellery
a: Invent Gizmo, Renounce Religion


You were on level 2 of the Dungeon.
You worshipped Xom.
You were a favourite toy of Xom.
You visited 1 branch of the dungeon, and saw 2 of its levels.

You collected 34 gold pieces.

Inventory:

Hand Weapons
 a - a +0 hand axe of chaos (weapon) {Mai}
 g - a +4 dagger (offhand) {Shatamurrim}
 j - a +0 sling
Missiles
 h - a poisoned dart (quivered)
Armour
 b - a +2 leather armour (worn)
Scrolls
 i - a scroll of identify


   Skills:
 * Level 3.3 Fighting
 * Level 3.3(3.4) Axes
 * Level 0.7(2.0) Polearms
 + Level 0.3 Throwing
 * Level 2.1 Armour
 * Level 1.6 Dodging
 + Level 0.2 Stealth
 + Level 0.3 Spellcasting


You had 2 spell levels left.
You didn't know any spells.
Your spell library was empty.

Dungeon Overview and Level Annotations

Branches:
Dungeon (2/15)

Altars:


Innate Abilities, Weirdness & Mutations

You can wield a second weapon in your off-hand.
It takes a long time for you to wield or remove held weapons.
Your first few attacks do less damage.
You cannot equip rings or amulets.


Message History

* * * LOW HITPOINT WARNING * * *
You take 3 damage, and have 3/29 hp.
Throw: 4 darts (poison)
Press: ? - help, Q - select action Shift-Dir - straight line, f/p - gnoll
Aim: a gnoll, wielding a +0 spear (moderately wounded, unusually resistant, 58% to hit)
You throw a poisoned dart. The poisoned dart hits the gnoll.
The gnoll is moderately wounded.
The gnoll closely misses you.
Throw: 3 darts (poison)
Press: ? - help, Q - select action Shift-Dir - straight line, f/p - gnoll
Aim: a gnoll, wielding a +0 spear (moderately wounded, unusually resistant, 58% to hit)
You throw a poisoned dart.
The poisoned dart barely misses the gnoll.
The gnoll barely misses you.
Throw: 2 darts (poison)
Press: ? - help, Q - select action Shift-Dir - straight line, f/p - gnoll
Aim: a gnoll, wielding a +0 spear (moderately wounded, unusually resistant, 58% to hit)
You throw a poisoned dart.
The poisoned dart closely misses the gnoll.
The gnoll hits you from afar with a +0 spear.
You die...
Xom is feeling generous.
Xom revives you!
Unknown command.
Okay, then.
As you read the scroll labelled VEK QETOADID, it dissolves into smoke.
It was a scroll of fog.
The gnoll hits you from afar with a +0 spear.
* * * LOW HITPOINT WARNING * * *
You take 2 damage, and have 2/29 hp.
As you read the scroll labelled IRUOH YNUIPU, it crumbles to dust.
It is a scroll of identify.
i - a scroll of summoning;
i - a scroll of identify;
d - a scroll of summoning The gnoll hits you from afar with a +0 spear.
* * * LOW HITPOINT WARNING * * *
You take 1 damage, and have 1/29 hp.
You don't currently have any unidentified items.
As you read the scroll of summoning, it crumbles to dust.
Wisps of shadow whirl around you...
The gnoll hits you from afar with a +0 spear.
You die...

#.##.......#
#.########.#
#.# #....#
#.# #.####
#<# #.# #.#
#.# #.# #K#
#.# #§# #.#
#@# #.#
#l##### .>#
#g##.. # #.#
#§##.# .# #b
#§##.##.# b##
#§§(g..(#
bg#######.###
#b#..)gg..#
#.#...#####


You could see a gnoll (resistant, ally target), a friendly kobold (summoned) and
a friendly frilled lizard (summoned).

Vanquished Creatures
  A gnoll (D:2)
  An adder (D:2)
  2 dart slugs (D:1)
  2 endoplasms (D:1)
  2 giant cockroaches (D:1)
  2 goblins (D:1)
  3 hobgoblins (D:1)
  2 quokkas (D:1)
  4 ball pythons (D:1)
  7 bats
  2 frilled lizards (D:1)
  2 kobolds (D:1)
  2 rats (D:1)
32 creatures vanquished.

Notes
Turn   | Place    | Note
-------+----------+-------------------------------------------
     0 | D:1      | ezpacito the Coglin Chaos Knight began the quest for the
                  | Orb.
     0 | D:1      | Reached XP level 1. HP: 18/18 MP: 1/1
    98 | D:1      | XOM: silly message
   101 | D:1      | Found a faded altar of an unknown god.
   115 | D:1      | Reached skill level 1 in Dodging
   135 | D:1      | XOM: silly message
   137 | D:1      | Reached XP level 2. HP: 13/24 MP: 2/2
   157 | D:1      | XOM: silly message
   390 | D:1      | Reached XP level 3. HP: 29/29 MP: 3/3
   488 | D:1      | XOM: divination: detect creatures
   990 | D:2      | XOM: summons friendly iron imp
  1036 | D:2      | Xom revived you
  1041 | D:2      | HP: 1/29 [gnoll/+0 spear (1)]
  1042 | D:2      | Slain by a gnoll

Illustrated notes

Levels and vault maps discovered:
D:1:      dpeg_arrival_rhombi, layout_basic,
          hellmonk_ecumenical_altar_arch_garden, st_stairs_1
D:2:      layout_basic, basic_altar

Skill      XL: |  1  2 |
---------------+-------+-----
Dodging        | 1 |  1.6
Armour         | 2 |  2.1
Fighting       | |  3.3
Axes           | |  3.3
Polearms       | |  0.7
Throwing       | |  0.3
Stealth        | |  0.2
Spellcasting   | |  0.3

Action                     || total
---------------------------++-------
  Melee: Dagger            ||    52
         Hand axe          ||    50
  Throw: Dart              ||     5
    Use: Scroll            ||     4
         Potion            ||     1
   Stab: Paralysed         ||     1
         Sleeping          ||     1
 Armour: Leather armour    ||    66
  Dodge: Dodged            ||    42

Table legend: (Time is in decaauts)
 A = Elapsed time spent in this place.
 B = Non-inter-level travel time spent in this place.
 C = Inter-level travel time spent in this place.
 D = Time resting spent in this place.
 E = Time spent auto-exploring this place.
 F = Levels seen in this place.
 G = Mean time per level.
                   A        B        C        D        E       F      G
               +--------+--------+--------+--------+--------+-----+--------+
         Total |   1046 |    949 |     97 |      0 |    696 |   2 |  523.0 |
       Dungeon |   1046 |    949 |     97 |      0 |    696 |   2 |  523.0 |
               +--------+--------+--------+--------+--------+-----+--------+

Top non-repeatable levels by time:
     D:1: 941 daAuts
     D:2: 104 daAuts
